 Dungeon Crawl Stone Soup version bcrawl-1.40.3b (webtiles) character file.

Game seed: 18233652026678540158

581804 Amelense the Brawler (level 13, -1/190 HPs)
             Began as a Troll Martial Artist on Feb 8, 2024.
             Was a High Priest of Wu Jian.
             Slain by Rupert
             ... wielding a +2 great sword of slicing
              (15 damage)
             ... on level 5 of the Lair of Beasts.
             The game lasted 01:03:01 (12851 turns).

Amelense the Brawler (Troll Martial Artist)        Turns: 12851, Time: 01:03:01

Health: -1/190     AC: 17    Str: 32    XL:     13   Next: 74%
Magic:  0/13       EV: 16    Int:  6    God:    Wu Jian [*****.]
Gold:   633        SH:  0    Dex: 10    Spells: 13/14 levels left

rFire    . . .     GDR:     26%   - Claws (51.0)
rCold    . . .     SeeInvis .   (no shield)
rNeg     . . .     Gourm    +   (armour unavailable)
rPois    .         Faith    .   I - +2 hat
rElec    .         Spirit   +   y - +2 cloak
rCorr    .         Reflect  .   (gloves unavailable)
MR       .....                  (boots unavailable)
Stlth    ..........             V - amulet of guardian spirit (curse)
HPRegen  1.21/turn              d - +3 ring of evasion
MPRegen  0.13/turn              f - +2 ring of evasion

@: mighty, berserking, lightly drained, very quick
A: large, almost no armour, claws 3, hooves 1, slimy green scales 1, blurry
vision 1, clumsy 1, fast metabolism 3, gourmand, regeneration 2, AC +10
a: Wall Jump, Serpent's Lash, Heavenly Storm, Renounce Religion


You were on level 5 of the Lair of Beasts.
You worshipped Wu Jian.
Wu Jian was extremely pleased with you.
You were full.

You visited 3 branches of the dungeon, and saw 15 of its levels.
You also visited: Ossuary and Volcano.

You collected 1150 gold pieces.
You spent 517 gold pieces at shops.

Inventory:

Hand Weapons
 D - the +10 quarterstaff "Ythresusu" {crush, rC+ Dex+5}
   (You found it on level 6 of the Dungeon)

   It will always inflict at least some extra damage.
   This minimum extra damage increases with your current reserve of magical
   power.
   It affects your dexterity (+5).
   It protects you from cold.
 F - the +5 mace "Dragon's Tongue" {elec, +Rage Dex+3 SInv}
   (You found it on level 6 of the Dungeon)

   Occasionally, upon striking a foe, it will discharge some electrical energy
   and cause terrible harm.
   It affects your dexterity (+3).
   It lets you see invisible.
   It lets you go berserk.
 L - the +5 trident "Kuseh" {antimagic, Str+2}
   (You took it off a spriggan on level 1 of the Lair of Beasts)

   It reduces the magical energy of the wielder, and disrupts the spells and
   magical abilities of those hit.
   Natural abilities and divine invocations are not affected.
   It affects your strength (+2).
 U - the +7 dagger of Ijaiqobu {speed, *Noise rElec rF+ Int+2, unknown}
   (You found it on level 4 of the Lair of Beasts)

   Attacks with this weapon are significantly faster.
   It affects your intelligence (+2).
   It protects you from fire.
   It insulates you from electricity.
   It may make noises in combat.
Armour
 y - a +2 cloak (worn)
 I - a +2 hat (worn)
 R - a +0 barding of fire resistance
Jewellery
 d - a +3 ring of evasion (left claw)
 f - a +2 ring of evasion (right claw)
 q - an uncursed ring of magical power
 B - a +4 ring of intelligence
 H - an uncursed ring of positive energy
 P - an uncursed ring of stealth {unknown}
 V - a cursed amulet of guardian spirit (around neck)
 X - a +2 ring of slaying {unknown}
 Y - a cursed -3 ring of dexterity {unknown}
Wands
 C - a wand of polymorph (24)
 J - a wand of iceblast (7)
 K - a wand of digging (6)
 M - a wand of acid (5)
 Q - a wand of flame (14)
 T - a wand of paralysis (7)
Scrolls
 b - 3 scrolls of enchant armour
 g - 7 scrolls of amnesia
 i - 4 scrolls of identify
 m - 3 scrolls of fear
 p - 10 scrolls of remove curse
 t - 2 scrolls of immolation
 u - a scroll of summoning {unknown}
 v - 3 scrolls of blinking
 w - 6 scrolls of teleportation
 z - 2 scrolls of revelation
 E - 2 scrolls of fog
 O - a scroll of acquirement {unknown}
Potions
 a - 2 potions of agility
 c - 10 potions of curing
 h - a potion of haste {unknown}
 j - 2 potions of degeneration
 k - 2 potions of lignification
 l - 2 potions of magic
 n - 2 potions of might
 s - 2 potions of cancellation
 x - a potion of mutation
 A - 3 potions of invisibility
 G - 2 potions of brilliance {unknown}
 S - a potion of ambrosia {unknown}
Miscellaneous
 N - a lamp of fire
 W - a sack of spiders
Comestibles
 e - 11 rations {!d}


   Skills:
 * Level 8.3(7.8) Fighting
 + Level 6.2(5.8) Dodging
 - Level 0.4(0.0) Stealth
 + Level 19.7(19.1) Unarmed Combat
 - Level 1.0(0.6) Spellcasting
 - Level 1.0(0.6) Hexes


You had 13 spell levels left.
You knew the following spells:

 Your Spells              Type           Power        Failure   Level  Hunger
a - Confusing Touch       Hex            #.......     36%         1    None

Your spell library contained the following spells:

 Spells                   Type           Power        Failure   Level  Hunger
 Corona                   Hex            #......      36%         1    None
 Slow                     Hex            #.......     36%         1    None
 Apportation              Tloc           #.....       43%         1    None
 Infusion                 Chrm           #.......     43%         1    None
 Sandblast                Erth           #.....       43%         1    None
 Summon Butterflies       Summ           #.......     43%         1    None
 Ensorcelled Hibernation  Hex/Ice        #.....       54%         2    ###....
 Borgnjor's Vile Clutch   Necr/Erth      #.........   100%        6    #######
 Darkness                 Hex            #.........   100%        6    #######
 Infestation              Hex/Tmut/Pois  #........    100%        6    #######
 Shadow Creatures         Summ           N/A          100%        7    #######
 Time Stop                Chrm/Tloc      N/A          100%        8    #######


Dungeon Overview and Level Annotations

Branches:
Dungeon (9/12)             Temple (1/1) D:7            Lair (5/6) D:9
  Snake (0/3) Lair:4       Spider (0/3) Lair:2          Orc (0/1) D:9
    Elf: Lair:5-6    Forest: Lair:5-6

Altars:
Ashenzari
Cheibriados
Dithmenos
Elyvilon
Fedhas
Gozag
Hepliaklqana
Kikubaaqudgha
Lugonu
Makhleb
Nemelex Xobeh
Okawaru
Qazlal
Ru
Sif Muna
Trog
Uskayaw
Vehumet
Wu Jian
Xom
Yredelemnul
Zin
The Shining One

Shops:
D:6 }[(   D:7 [   D:8 (![*:   D:9 }

Portals:
Abyss: Lair:1

Annotations:
Lair:5 Rupert


Innate Abilities, Weirdness & Mutations

You cannot wear most types of armour.
Your thick skin is tough. (AC +10)
You are too large for most types of armour.
You have claws for hands.
Your metabolism is lightning-fast.
You like to eat raw meat.
You heal very quickly.
You have large cloven feet.
You are partially covered in slimy green scales. (AC +2)
Scrolls take you a little longer to read.
You are clumsy. (Dex -2)


Message History

The heavenly storm settles.
Rupert hits you with a +2 great sword of slicing!
* * * LOW HITPOINT WARNING * * *
x2 You feel much better.
Rupert hits you with a +2 great sword of slicing!
* * * LOW HITPOINT WARNING * * *
Snnnck.
* * * LOW HITPOINT WARNING * * *
You feel much better.
Rupert hits you with a +2 great sword of slicing!
* * * LOW HITPOINT WARNING * * *
x2 A red film seems to cover your vision as you go berserk!
You feel yourself moving faster!
You feel mighty!
You feel less exhausted.
Rupert hits you with a +2 great sword of slicing!!
* * * LOW HITPOINT WARNING * * *
x2 You eviscerate Rupert!!!
Rupert is moderately wounded.
Rupert hits you with a +2 great sword of slicing!
You die...

##....#.....# ..#
###..)..##....####.P##P
##....PP####..§☼○#○.[...
#.......# ##.☼○○§§.....
##.≈≈≈...#. #§☼§§°°.>...
##......≈...####○○○..#..##
#..........##....○.○○# #
##........###.#.@○.○$..#
#P.........##..○@○○#####
##...#.##..#......##
##.÷...# .......###
#....### .##.... ##...##
#...P #....# #...P ##....#
#.... #....## .....
##...####


You could see Rupert (berserk).

Vanquished Creatures
  4 hydras
  Psyche (D:8)
  Sonja (Lair:2)
  A dancing weapon (Volcano)
  A two-headed ogre (D:8)
  7 death yaks
  The ghost of Finalfun the Conjurer, a novice VSAc of Sif Muna (Lair:1)
  An unseen horror (D:8)
  A lindwurm (Lair:5)
  5 toenail golems (Volcano)
  5 deep elf magi (Volcano)
  A manticore (Lair:4)
  A moth of wrath (Lair:1)
  8 elephants
  3 black mambas
  A torpor snail (Lair:4)
  A rime drake (Lair:4)
  4 komodo dragons
  5 cane toads
  A hornet (Lair:1)
  12 blink frogs
  5 hippogriffs
  6 dream sheep (Lair:5)
  7 spriggans
  26 yaks
  2 wyverns
  A wraith (Ossuary)
  Menkaure (D:4)
  3 nagas (Lair:4)
  10 crocodiles
  5 water moccasins
  8 porcupines
  Duvessa (D:4)
  An orc warrior (D:7)
  2 black bears
  3 ice beasts
  2 sky beasts
  5 ogres
  4 phantoms
  5 wolves (Lair:3)
  11 bullfrogs
  3 kobold brigands
  Dowan (D:4)
  4 centaurs
  2 scorpions (D:5)
  A wyvern skeleton (D:9)
  The ghost of blanketernal the Skirmisher, a weakling MiGl (D:5)
  3 wights (D:9)
  4 orc priests
  2 bullfrog zombies
  10 crimson imps
  A hound (D:5)
  A jelly (D:5)
  8 orc wizards
  A bullfrog skeleton (D:6)
  2 iguanas
  6 worker ants
  A hell rat (D:9)
  2 kobold zombies (Ossuary)
  A hound zombie (D:7)
  4 hound skeletons
  3 mummies (Ossuary)
  5 worker ant zombies
  A gnoll (D:4)
  2 howler monkey skeletons
  A river rat (D:9)
  13 adders
  2 shadow imps
  An adder zombie (D:5)
  7 worms
  5 dart slugs
  10 leopard geckos
  33 orcs
  7 ball pythons (D:4)
  5 bats
  6 giant cockroaches
  6 goblins
  10 hobgoblins
  8 jackals
  14 quokkas
  A frilled lizard (D:1)
  A gnoll zombie (Ossuary)
  2 goblin zombies (Ossuary)
  3 hobgoblin zombies (Ossuary)
  A jackal zombie (D:5)
  19 kobolds
  2 quokka skeletons (D:5)
  6 rats
  2 fungi (Lair:1)
  A lurking horror (Lair:1)
  3 plants
411 creatures vanquished.

Vanquished Creatures (others)
  An adder (D:5)
  A lurking horror (Lair:1)
  4 plants
6 creatures vanquished.

Grand Total: 417 creatures vanquished

Notes
Turn   | Place    | Note
-------+----------+-------------------------------------------
     0 | D:1      | Amelense the Troll Martial Artist began the quest for the
                  | Orb.
     0 | D:1      | Reached XP level 1. HP: 22/22 MP: 1/1
    72 | D:1      | Reached XP level 2. HP: 29/29 MP: 2/2
   275 | D:1      | Reached XP level 3. HP: 36/36 MP: 3/3
   816 | D:2      | Reached ** piety under Wu Jian
   915 | D:2      | Reached skill level 5 in Unarmed Combat
   969 | D:2      | Gained mutation: Your natural rate of healing is unusually
                  | fast. [Troll growth]
   969 | D:2      | Reached XP level 4. HP: 37/44 MP: 4/4
  1649 | D:3      | Reached XP level 5. HP: 51/52 MP: 5/5
  1727 | D:3      | Reached skill level 6 in Unarmed Combat
  1741 | D:3      | Reached *** piety under Wu Jian
  1958 | D:3      | Found a radiant altar of Vehumet.
  2582 | D:4      | Noticed Menkaure
  2593 | D:4      | Reached XP level 6. HP: 55/61 MP: 6/6
  2594 | D:4      | Killed Menkaure
  2595 | D:4      | Reached skill level 7 in Unarmed Combat
  2624 | D:4      | Found a blossoming altar of Fedhas.
  2656 | D:4      | Reached skill level 8 in Unarmed Combat
  2656 | D:4      | Reached XP level 7. HP: 59/67 MP: 7/7
  2666 | D:4      | Found a sand-covered staircase.
  2683 | Ossuary  | Entered an ossuary
  2683 | Ossuary  | Noticed a wraith
  2683 | Ossuary  | Noticed a wraith
  2683 | Ossuary  | Noticed a wraith
  2831 | Ossuary  | Noticed a wraith
  2836 | Ossuary  | Killed a wraith
  3141 | D:4      | Reached skill level 9 in Unarmed Combat
  3480 | D:4      | Reached **** piety under Wu Jian
  3487 | D:4      | Noticed Duvessa
  3487 | D:4      | Noticed Dowan
  3494 | D:4      | Killed Duvessa
  3496 | D:4      | Killed Dowan
  3647 | D:4      | Reached XP level 8. HP: 75/75 MP: 8/8
  3999 | D:4      | Found an ornate altar of the Wu Jian Council.
  4146 | D:5      | Entered Level 5 of the Dungeon
  4185 | D:5      | Reached skill level 10 in Unarmed Combat
  4226 | D:5      | Found a bloodstained altar of Trog.
  4293 | D:5      | Found a runed translucent gate.
  4294 | D:5      | Found a runed translucent gate.
  4295 | D:5      | Found a runed translucent gate.
  4297 | D:5      | Noticed blanketernal's ghost (weakling MiGl)
  4308 | D:5      | Killed blanketernal's ghost
  4456 | D:5      | Reached skill level 11 in Unarmed Combat
  4522 | D:5      | Gained mutation: You are weak. (Str -2) [potion of
                  | mutation]
  4522 | D:5      | Gained mutation: You are partially covered in slimy green
                  | scales. (AC +2) [potion of mutation]
  4522 | D:5      | Gained mutation: Potions are less effective at restoring
                  | your health. [potion of mutation]
  4522 | D:5      | Gained mutation: You evolve. [potion of mutation]
  4779 | D:5      | Reached XP level 9. HP: 83/83 MP: 9/9
  5102 | D:6      | Found Futiod's Antique Weapon Boutique.
  5140 | D:6      | Got an ichor-stained quarterstaff
  5299 | D:6      | Found Jeuwk's Armour Emporium.
  5342 | D:6      | Found Ziesoric's Gadget Shop.
  5409 | D:6      | Reached skill level 12 in Unarmed Combat
  5475 | D:6      | Got a faintly glowing mace
  5816 | D:7      | Reached ***** piety under Wu Jian
  5846 | D:7      | Found a white marble altar of Elyvilon.
  5943 | D:7      | Reached skill level 13 in Unarmed Combat
  5947 | D:7      | Found a snail-covered altar of Cheibriados.
  6015 | D:7      | Found Qotyreekk's Antique Armour Shop.
  6026 | D:7      | Bought a runed hat for 189 gold pieces
  6066 | D:7      | Found a staircase to the Ecumenical Temple.
  6073 | Temple   | Entered the Ecumenical Temple
  6333 | D:7      | Found a hide-covered altar of Uskayaw.
  6580 | D:8      | Noticed a two-headed ogre
  6587 | D:8      | Killed a two-headed ogre
  6588 | D:8      | Reached XP level 10. HP: 76/94 MP: 10/10
  6736 | D:8      | Reached skill level 14 in Unarmed Combat
  6758 | D:8      | Found Daroorph's Antique Armour Shoppe.
  6759 | D:8      | Found Dumagom's General Store.
  6779 | D:8      | Bought a wand of digging (7) for 224 gold pieces
  6789 | D:8      | Identified the +5 mace "Dragon's Tongue" {elec, +Rage Dex+3
                  | SInv} (You found it on level 6 of the Dungeon)
  6790 | D:8      | Identified the +10 quarterstaff "Ythresusu" {crush, rC+
                  | Dex+5} (You found it on level 6 of the Dungeon)
  6840 | D:8      | Found Kost's Book Boutique.
  6953 | D:8      | Noticed Psyche
  6959 | D:8      | Killed Psyche
  6970 | D:8      | Found a shimmering altar of Xom.
  6971 | D:8      | Found a shimmering blue altar of Sif Muna.
  6999 | D:8      | Noticed an unseen horror
  7001 | D:8      | Killed an unseen horror
  7071 | D:8      | Found Vuov's Antique Weapon Emporium.
  7221 | D:8      | Found Xuxtiow's Distillery.
  7224 | D:8      | Bought a potion of mutation for 104 gold pieces
  7224 | D:8      | Lost mutation: You are weak. (Str -2) [potion of mutation]
  7224 | D:8      | Lost mutation: Potions are less effective at restoring your
                  | health. [potion of mutation]
  7224 | D:8      | Lost mutation: You evolve. [potion of mutation]
  7224 | D:8      | Gained mutation: You are clumsy. (Dex -2) [potion of
                  | mutation]
  7224 | D:8      | Gained mutation: Scrolls take you a little longer to read.
                  | [potion of mutation]
  7224 | D:8      | Gained mutation: You have large cloven feet. [potion of
                  | mutation]
  7307 | D:9      | Found a staircase to the Lair.
  7310 | D:9      | Noticed a death yak
  7310 | D:9      | Noticed a death yak
  7310 | D:9      | Noticed a death yak
  7323 | D:9      | Killed a death yak
  7324 | D:9      | Reached skill level 5 in Fighting
  7324 | D:9      | Reached skill level 15 in Unarmed Combat
  7324 | D:9      | Killed a death yak
  7325 | D:9      | Reached XP level 11. HP: 102/102 MP: 11/11
  7330 | D:9      | Killed a death yak
  7361 | D:9      | Found a sacrificial altar of Ru.
  7373 | D:9      | Found a staircase to the Orcish Mines.
  7458 | D:9      | Found Fyrol's Gadget Boutique.
  8321 | Lair:1   | Entered Level 1 of the Lair of Beasts
  8354 | Lair:1   | Found a gate leading to a gauntlet.
  8440 | Lair:1   | Noticed Finalfun's ghost (novice VSAc)
  8440 | Lair:1   | Identified the +5 trident "Kuseh" {antimagic, Str+2}
  8440 | Lair:1   | Noticed a spriggan rider
  8445 | Lair:1   | Reached skill level 16 in Unarmed Combat
  8477 | Lair:1   | Found a bloodstained altar of Trog.
  8477 | Lair:1   | Found a transporter.
  8495 | Lair:1   | Found a transporter.
  8557 | Lair:1   | Found a one-way gate to the infinite horrors of the Abyss.
  8628 | Lair:1   | Found a corrupted altar of Lugonu.
  9396 | Lair:1   | Killed a spriggan rider
  9403 | Lair:1   | Killed Finalfun's ghost
  9527 | Lair:2   | Reached skill level 17 in Unarmed Combat
  9529 | Lair:2   | Gained mutation: You heal very quickly. [Troll growth]
  9529 | Lair:2   | Reached XP level 12. HP: 88/114 MP: 12/12
  9614 | Lair:2   | Noticed a seven-headed hydra
  9620 | Lair:2   | Killed a ten-headed hydra
  9681 | Lair:2   | Found a dark tunnel.
  9690 | Volcano  | Entered a volcano
  9845 | Volcano  | Reached skill level 5 in Dodging
 10081 | Lair:2   | Reached skill level 18 in Unarmed Combat
 10175 | Lair:2   | Noticed a six-headed hydra
 10176 | Lair:2   | Noticed Sonja
 10181 | Lair:2   | Killed an eight-headed hydra
 10201 | Lair:2   | Killed Sonja
 10424 | Lair:2   | Found a hole to the Spider Nest.
 11140 | Lair:3   | Reached XP level 13. HP: 120/124 MP: 13/13
 11845 | Lair:4   | Reached skill level 19 in Unarmed Combat
 11931 | Lair:4   | Got a masterwork dagger
 11932 | Lair:4   | Found a staircase to the Snake Pit.
 12830 | Lair:5   | Noticed Rupert
 12851 | Lair:5   | Slain by Rupert

Skill      XL: |  1  2  3  4  5  6  7  8  9 10 11 12 13 |
---------------+----------------------------------------+-----
Unarmed Combat | 5 6 8 9 11 13 15 17 18 19 | 19.7
Fighting       | 3 4 5 6 7 8 |  8.3
Dodging        | 3 4 5 6 |  6.2
Stealth        | |  0.4
Spellcasting   | |  1.0
Hexes          | |  1.0

Action                   |  1- 3 |  4- 6 |  7- 9 | 10-12 | 13-15 || total
-------------------------+-------+-------+-------+-------+-------++-------
Melee: Unarmed           |    90 |   119 |   335 |   425 |   167 ||  1136
       Punch             |     1 |     2 |    10 |    22 |     7 ||    42
       Kick              |       |       |       |    62 |    39 ||   101
Invok: Heavenly Storm    |       |       |     4 |     5 |     2 ||    11
 Abil: Lunge             |    11 |    10 |    37 |    39 |    14 ||   111
       Whirlwind         |    22 |    30 |    68 |    91 |    27 ||   238
       Wall Jump         |       |       |     1 |       |       ||     1
       Serpent's Lash    |       |       |       |     3 |     1 ||     4
Evoke: Wand              |       |       |       |     1 |       ||     1
  Use: Scroll            |     2 |     2 |     8 |     7 |     3 ||    22
       Potion            |       |       |     2 |     5 |     7 ||    14
 Stab: Sleeping          |       |       |     6 |       |       ||     6
       Distracted        |       |       |       |     1 |       ||     1
  Eat: Chunk             |    13 |    12 |    31 |    37 |    11 ||   104
Armor: Skin              |    18 |    16 |    56 |   110 |    21 ||   221
Dodge: Dodged            |    37 |    50 |   155 |   152 |    50 ||   444
